 Dungeon Crawl Stone Soup version 0.31-a0-1-g4198be8af4 (webtiles) character file.

Game seed: 5077246867388398606

938 Mickster the Chopper (level 8, 0/69 HPs)
             Began as a Hill Orc Berserker on May 1, 2023.
             Was a Believer of Trog.
             Killed by divine providence
             ... invoked by an orc priest
              (12 damage)
             ... on level 6 of the Dungeon on May 2, 2023.
             The game lasted 00:38:38 (4162 turns).

Mickster the Chopper (Hill Orc Berserker)           Turns: 4162, Time: 00:38:38

Health: 0/69       AC: 15    Str: 22    XL:     8   Next: 12%
Magic:  8/8        EV:  7    Int:  7    God:    Trog [**....]
Gold:   191        SH:  5    Dex: 10    Spells: 7/7 levels left

rFire   . . .        C - +2 great sword (drain)
rCold   . . .        (shield currently unavailable)
rNeg    . . .        p - +1 plate armour
rPois   .            (no helmet)
rElec   .            (no cloak)
rCorr   .            (no gloves)
SInv    .            e - +1 pair of boots
Will    .....        f - amulet of reflection Stlth
                     i - ring of flight
HPRegen 0.31/turn    (no ring)
MPRegen 0.11/turn

%: reflection
@: mighty, flying
A: no striking features
a: Renounce Religion, Convert to Beogh, Berserk, Trog's Hand


You were on level 6 of the Dungeon.
You worshipped Trog.
Trog was pleased with you.
You visited 1 branch of the dungeon, and saw 6 of its levels.

You collected 191 gold pieces.

Inventory:

Hand Weapons
 a - a +0 hand axe
 b - a +0 antimagic spear
 g - a +3 short sword
 h - a +1 mace of protection
 k - a +2 hand axe of electrocution
 v - a +0 shortbow
 x - a +1 war axe
 y - a +1 vampiric whip
 z - a +1 antimagic hand axe
 B - a +0 rapier
 C - a +2 great sword of draining (weapon)
 E - a +2 long sword of draining
Missiles
 d - 21 javelins
 l - 2 poisoned darts
 m - 6 atropa-tipped darts (quivered)
 t - 14 stones
Armour
 c - a +1 robe of fire resistance
 e - a +1 pair of boots (worn)
 p - a +1 plate armour (worn)
Jewellery
 f - an amulet of reflection (around neck)
 i - a ring of flight (left hand)
Wands
 s - a wand of quicksilver (9)
 D - a wand of mindburst (16)
Scrolls
 j - 2 scrolls of magic mapping
 n - 2 scrolls of identify
 o - a scroll of fog
 w - 2 scrolls of teleportation
 A - a scroll of brand weapon {unknown}
Potions
 q - 2 potions of haste
 r - 2 potions of lignification
 u - a potion of might


   Skills:
 + Level 5.4 Fighting
 - Level 1.5(1.9) Short Blades
 * Level 1.6(2.1) Long Blades
 - Level 7.5 Axes
 * Level 3.0 Throwing
 - Level 4.1 Armour
 + Level 2.5 Dodging
 + Level 0.3 Stealth
 + Level 2.7 Shields


You had 7 spell levels left.
You didn't know any spells.
Your spell library was empty.

Dungeon Overview and Level Annotations

Branches:
Dungeon (6/15)             Temple (0/1) D:4

Altars:
Cheibriados
Elyvilon
Fedhas
Makhleb
Sif Muna
Trog
Uskayaw
Wu Jian
The Shining One


Message History

The electric eel shoots out a bolt of lightning at you!
The bolt of electricity hits you.
* * * LOW HITPOINT WARNING * * *
Things that are here:
a +0 short sword; an orc corpse
Found a clear potion, 17 gold pieces and 5 poisoned darts.
The electric eel shoots out a bolt of lightning at you!
The bolt of electricity hits you!
* * * LOW HITPOINT WARNING * * *
You closely miss the electric eel.
The electric eel shoots out a bolt of lightning at you!
The bolt of electricity hits you.
* * * LOW HITPOINT WARNING * * *
You slash the electric eel! You drain the electric eel.
You kill the electric eel!
Trog accepts your kill.
You hear a splash.
Your Throwing skill increases to level 3!
You see here an electric eel corpse.
An orc comes into view. It is wielding a +0 whip.
You see here 21 gold pieces.
The orc closely misses you.
You closely miss the orc. The orc closely misses you.
You block the orc's attack.
You completely miss the orc. The orc hits you but does no damage.
You block the orc's attack.
You slash the orc!
You kill the orc!
Trog accepts your kill.
Things that are here:
a +0 whip; a +0 leather armour You start resting.
An orc priest comes into view. It is wielding a +0 short sword.
An orc priest is nearby!
An orc priest is nearby!
You feel very mighty all of a sudden.
The orc priest shouts!
The orc priest calls down the wrath of Beogh upon you.
Beogh smites you!
You die...

##~~~~~~###.#
......~~....#
..(....~~...##
..$~~....~...#
..~..~~..~...#
..~....~~...)#
...~~⌠.......#
..!.⌠~~...)$.####
.~~....†....o@..#
~..~~..~....###.#
~....~~.....# #.#
.~~.........# #.#
..~~........# #.#
##~~~~~~###.# #.#
##~~~~###### #.#
#######.# #.# #
#.....#####.###.##


You could see an orc priest.

Vanquished Creatures
  An ice beast (D:6)
  An ogre (D:6)
  A phantom (D:4)
  A centaur (D:5)
  2 scorpions
  An electric eel (D:6)
  A howler monkey (D:6)
  2 hounds (D:5)
  2 jellies
  An orc priest (D:4)
  2 iguanas
  Jessica (D:3)
  A sleepcap (D:5)
  2 orc wizards
  A gnoll (D:5)
  5 adders
  2 ufetubi
  A worm (D:3)
  15 orcs
  3 bats (D:1)
  An endoplasm (D:1)
  A giant cockroach (D:1)
  A goblin (D:3)
  2 hobgoblins
  2 jackals (D:4)
  3 quokkas
  5 ball pythons
  3 frilled lizards
  5 kobolds
  4 rats (D:1)
73 creatures vanquished.

Vanquished Creatures (others)
  22 fungi (D:5)
  11 plants
33 creatures vanquished.

Grand Total: 106 creatures vanquished

Notes
Turn   | Place    | Note
-------+----------+-------------------------------------------
     0 | D:1      | Mickster the Hill Orc Berserker began the quest for the
                  | Orb.
     0 | D:1      | Reached XP level 1. HP: 19/19 MP: 1/1
   269 | D:1      | Reached XP level 2. HP: 22/27 MP: 2/2
  1020 | D:3      | Reached XP level 3. HP: 20/33 MP: 3/3
  1176 | D:3      | Found a white marble altar of Elyvilon.
  1343 | D:3      | Noticed Jessica
  1353 | D:3      | Killed Jessica
  1354 | D:3      | Reached skill level 5 in Axes
  1356 | D:3      | Found a shimmering blue altar of Sif Muna.
  1377 | D:4      | Noticed a scorpion
  1408 | D:4      | Reached XP level 4. HP: 41/41 MP: 4/4
  1505 | D:4      | Killed a scorpion
  1506 | D:4      | Reached skill level 1 in Shields
  1506 | D:4      | Reached XP level 5. HP: 47/47 MP: 5/5
  1519 | D:4      | Noticed a phantom
  1534 | D:4      | Killed a phantom
  1535 | D:4      | Reached skill level 6 in Axes
  1620 | D:4      | Reached XP level 6. HP: 21/55 MP: 6/6
  2235 | D:4      | Found a staircase to the Ecumenical Temple.
  2293 | D:4      | Found a burning altar of Makhleb.
  2436 | D:5      | Entered Level 5 of the Dungeon
  2504 | D:5      | Reached skill level 1 in Short Blades
  2516 | D:5      | Reached ** piety under Trog
  2811 | D:5      | Reached skill level 1 in Throwing
  2866 | D:5      | Found a glowing golden altar of the Shining One.
  2978 | D:5      | Found a blossoming altar of Fedhas.
  2994 | D:5      | Reached skill level 5 in Fighting
  2994 | D:5      | Reached XP level 7. HP: 51/61 MP: 7/7
  2999 | D:5      | Reached skill level 7 in Axes
  3411 | D:5      | Found a bloodstained altar of Trog.
  3689 | D:5      | Found an ornate altar of the Wu Jian Council.
  3850 | D:6      | Found a snail-covered altar of Cheibriados.
  3957 | D:6      | Noticed a +0 short sword
  3958 | D:6      | Noticed a +0 dagger
  3964 | D:6      | Noticed a +0 spear
  3964 | D:6      | Noticed a +0 spear
  3964 | D:6      | Noticed a +0 dagger
  3965 | D:6      | Noticed a +0 falchion
  3969 | D:6      | Noticed a +0 falchion
  3976 | D:6      | Noticed a +0 short sword
  3980 | D:6      | Found a hide-covered altar of Uskayaw.
  4117 | D:6      | Reached skill level 1 in Long Blades
  4117 | D:6      | Reached XP level 8. HP: 47/68 MP: 8/8
  4131 | D:6      | HP: 2/69 [electric eel/bolt of electricity (5)]
  4162 | D:6      | Killed from afar by an orc priest

Illustrated notes

Levels and vault maps discovered:
D:1:      elethiomel_arrival_infinity_welcomes_careful_drivers, layout_basic
D:2:      layout_basic
D:3:      layout_basic, elyvilon_altar_4, tgw_sif, nrook_mini_backslash
D:4:      layout_gridville, bloody_makhleb, minmay_temple_entry_proselytizer,
          minivault_24, minmay_misc_feat_iff
D:5:      layout_basic, mainiacjoe_overflow_alcove_1, fedhas_altar_3,
          mainiacjoe_overflow_chevrons, trog_antimagical, kennysheep_doodads,
          minivault_24
D:6:      cheibrodos_helix_gallery, layout_loops_ring, lemuel_doored_altar,
          nicolae_uskayaw_en_pointe, nicolae_gozag_seed_capital,
          serial_bayou_crossing

Skill      XL: |  1  2  3  4  5  6  7  8 |
---------------+-------------------------+-----
Fighting       | 4 5 |  5.4
Axes           | 5 6 7 |  7.5
Dodging        | 2 |  2.5
Shields        | 1 2 |  2.7
Short Blades   | 1 |  1.5
Armour         | 3 4 |  4.1
Throwing       | 1 2 3 |  3.0
Long Blades    | 1 |  1.6
Stealth        | |  0.3

Action                     |  1- 3 |  4- 6 |  7- 9 || total
---------------------------+-------+-------+-------++-------
  Melee: Hand axe          |    83 |    71 |    43 ||   197
         Short sword       |       |    87 |       ||    87
         War axe           |       |    15 |       ||    15
         Punch             |       |     2 |     1 ||     3
         Mace              |       |     1 |       ||     1
         Great sword       |       |       |    20 ||    20
         Long sword        |       |       |     5 ||     5
 Invoke: Berserk           |     1 |     3 |     2 ||     6
         Trog's Hand       |       |       |     2 ||     2
    Use: Scroll            |     5 |     3 |     1 ||     9
         Potion            |     2 |     4 |     1 ||     7
 Armour: Robe              |    33 |       |       ||    33
         Animal skin       |     3 |       |       ||     3
         Plate armour      |     2 |   154 |    33 ||   189
  Dodge: Dodged            |    61 |    70 |    26 ||   157
  Block: Other             |    12 |    57 |    18 ||    87

Table legend: (Time is in decaauts)
 A = Elapsed time spent in this place.
 B = Non-inter-level travel time spent in this place.
 C = Inter-level travel time spent in this place.
 D = Time resting spent in this place.
 E = Time spent auto-exploring this place.
 F = Levels seen in this place.
 G = Mean time per level.
                   A        B        C        D        E       F      G
               +--------+--------+--------+--------+--------+-----+--------+
         Total |   4224 |   4092 |    132 |    957 |      0 |   6 |  704.0 |
       Dungeon |   4224 |   4092 |    132 |    957 |      0 |   6 |  704.0 |
               +--------+--------+--------+--------+--------+-----+--------+

Top non-repeatable levels by time:
     D:5: 1438 daAuts
     D:4: 1090 daAuts
     D:1: 596 daAuts
     D:3: 402 daAuts
     D:2: 359 daAuts
     D:6: 337 daAuts
